 Dungeon Crawl Stone Soup version 0.17.1-2-g5865329 (webtiles) character file.

255 Jerry the Sneak (level 6, 0/42 HPs)
             Began as an Octopode Fighter on Jan 28, 2016.
             Slain by cada's ghost (9 damage)
             ... on level 3 of the Dungeon.
             The game lasted 00:08:53 (1894 turns).

Jerry the Sneak (Octopode Fighter)                  Turns: 1894, Time: 00:08:53

Health: 0/42       AC:  1    Str: 20    XL:     6   Next: 15%
Magic:  6/6        EV: 11    Int: 11    God:
Gold:   75         SH: 10    Dex: 13    Spells: 0 memorised, 5 levels left

rFire  . . .     SeeInvis .     a - +0 long sword
rCold  . . .     Clarity  .     b - +0 shield
rNeg   . . .     SustAt   .     (helmet restricted)
rPois  .         Gourm    .     (no amulet)
rElec  .         Spirit   .     (no ring)
rCorr  .         Warding  .     (no ring)
rMut   .         Stasis   .     (no ring)
MR     .....                    (no ring)
Stlth  ++++......               (no ring)
                                (no ring)
                                (no ring)
                                (no ring)

@: mighty, not resistant to hostile enchantments, stealthy
A: almost no armour, amphibious, 8 rings, constrict 8, camouflage 1, gelatinous
body 1
a: no special abilities


You were on level 3 of the Dungeon.
You were not hungry.

You visited 1 branch of the dungeon, and saw 3 of its levels.

You collected 75 gold pieces.

Inventory:

Hand Weapons
 a - a +0 long sword (weapon)
 o - a +6 scythe of distortion
Missiles
 f - 26 stones (quivered)
Armour
 b - a +0 shield (worn)
Scrolls
 i - a scroll of enchant armour {unknown}
 j - a scroll of fog {unknown}
 l - 3 scrolls of blinking {unknown}
 m - 5 scrolls of identify {unknown}
 p - a scroll of noise {unknown}
 q - a scroll of enchant weapon {unknown}
Potions
 e - a potion of heal wounds {unknown}
 h - a potion of brilliance {unknown}
 k - 3 potions of invisibility {unknown}
 n - a potion of degeneration {unknown}
 s - 2 potions of agility {unknown}
Comestibles
 d - a bread ration
 g - 2 beef jerkies
 r - a chunk of flesh


   Skills:
 - Level 3.0 Fighting
 + Level 4.0 Long Blades
 - Level 3.0 Dodging
 + Level 4.6 Stealth
 + Level 4.4 Shields


You had 5 spell levels left.
You didn't know any spells.

Dungeon Overview and Level Annotations

Branches:
Dungeon (3/15)

Altars:
Dithmenos

Annotations:
D:3 cada's ghost, amateur NaTm


Innate Abilities, Weirdness & Mutations

You cannot wear most types of armour.
You are amphibious.
You can wear up to eight rings at the same time.
You can use your tentacles to constrict eight enemies at once.
Your skin changes colour to match your surroundings (Stealth).
Your rubbery body absorbs attacks (AC +1).


Message History

Cada's ghost wails, "What do you have that I didn't have?"
You block cada's ghost's attack.
You barely miss cada's ghost. Your squeeze misses cada's ghost.
Cada's ghost is lightly damaged.
Cada's ghost hits you. You block cada's ghost's attack.
Drink which item? (? for menu, Esc to quit)
You feel very mighty all of a sudden. Cada's ghost hits you!
* * * LOW HITPOINT WARNING * * *
You miss cada's ghost. You squeeze cada's ghost!
Cada's ghost is moderately damaged.
You block cada's ghost's attack.
You miss cada's ghost.
Cada's ghost is moderately damaged.
You block cada's ghost's attack.
You miss cada's ghost. You squeeze cada's ghost!
Cada's ghost is severely damaged.
Cada's ghost says, "You will join me soon!"
Cada's ghost closely misses you. Cada's ghost hits you!
You die...

#.# #.# #.# #.# #.#
#.# #.# #.# #.##
#.# ...###.# #.#
#......# #K#
...###.##########W#
....##......)...@.#
...#######.##..####
#.## #.###.# #.#
#.###.### #.#
#.......# #'##
#.###.#.# ...##
#<##....# †...##
#.##....# .....##
#..#....#


You could see cada's ghost and a kobold.

Vanquished Creatures
  Sigmund (D:2)
  Jessica (D:3)
  2 adders (D:2)
  An ooze (D:2)
  A worm (D:2)
  A giant gecko (D:1)
  9 giant cockroaches
  5 goblins
  4 hobgoblins
  6 kobolds
  A quokka (D:2)
  9 bats
  2 giant newts
  2 rats (D:3)
45 creatures vanquished.

Notes
Turn   | Place    | Note
--------------------------------------------------------------
     0 | D:1      | Jerry the Octopode Fighter began the quest for the Orb.
     0 | D:1      | Reached XP level 1. HP: 16/16 MP: 1/1
   189 | D:1      | Reached skill level 1 in Stealth
   189 | D:1      | Reached XP level 2. HP: 21/21 MP: 2/2
   620 | D:1      | Reached XP level 3. HP: 26/26 MP: 3/3
  1037 | D:2      | Noticed Sigmund
  1045 | D:2      | Killed Sigmund
  1045 | D:2      | Reached skill level 4 in Stealth
  1045 | D:2      | Reached XP level 4. HP: 10/31 MP: 4/4
  1045 | D:2      | Reached XP level 5. HP: 11/36 MP: 5/5
  1342 | D:2      | Found a shadowy altar of Dithmenos.
  1607 | D:2      | Reached XP level 6. HP: 42/42 MP: 6/6
  1855 | D:3      | Noticed Jessica
  1858 | D:3      | Killed Jessica
  1868 | D:3      | Noticed cada's ghost (amateur NaTm)
  1894 | D:3      | Slain by cada's ghost

Action                   |  1- 3 |  4- 6 || total
-------------------------+-------+-------++-------
Melee: Long sword        |    58 |    37 ||    95
Throw: Stone             |       |     2 ||     2
  Use: Potion            |       |     1 ||     1
 Stab: Sleeping          |    10 |     6 ||    16
  Eat: Chunk             |       |     3 ||     3
